 Dungeon Sprint DCSS version 0.31-a0-43-g46d131a48f (webtiles) character file.

Game seed: 3407563528560051079

1315 sircluck the Grappler (level 8, -6/89 HPs)
             Began as a Troll Berserker on May 19, 2023.
             Was a Priest of Trog.
             Mangled by a hornet (10 damage)
             ... while paralysed by a hornet
             ... in the Dungeon (Sprint II: "The Violet Keep of Menkaure").
             The game lasted 00:02:07 (334 turns).

sircluck the Grappler (Troll Berserker)              Turns: 334, Time: 00:02:08

Health: -6/89      AC:  4    Str: 28    XL:     8   Next: 33%
Magic:  7/7        EV:  1    Int:  3    God:    Trog [***...]
Gold:   57         SH:  0    Dex:  9    Spells: 7/7 levels left

rFire   . .          .
                       - Unarmed
rCold   . . .        (no shield)
rNeg    . . .        a - +0 animal skin
rPois   .            (helmet restricted)
rElec   .            (no cloak)
rCorr   .            (gloves unavailable)
SInv    .            (boots unavailable)
Will    .....        (no amulet)
Stlth   +            (no ring)
HPRegen 1.14/turn    (no ring)
MPRegen 0.10/turn

%: no teleportation
@: paralysed, lethally poisoned (-6 -> -12), slowed
A: large, unfitting armour, claws 3, regeneration 1, shaggy fur 1, tough skin 1
a: Renounce Religion, Berserk, Trog's Hand


You were in the Dungeon.
You worshipped Trog.
Trog was most pleased with you.
You visited 1 branch You collected 972 gold pieces.
You spent 915 gold pieces at shops.

Inventory:

Armour
 a - a +0 animal skin (worn)
Scrolls
 g - 4 scrolls of blinking
 h - a scroll of acquirement
Potions
 b - 2 potions of curing
 c - a potion of heal wounds
 d - a potion of haste
 e - 2 potions of magic
 f - a potion of berserk rage


   Skills:
 + Level 8.6 Fighting
 + Level 9.2 Dodging
 + Level 0.1 Stealth
 + Level 12.2 Unarmed Combat


You had 7 spell levels left.
You didn't know any spells.
Your spell library was empty.

Dungeon Overview and Level Annotations

Branches:
Dungeon (1/1)

Altars:
Cheibriados
Dithmenos
Elyvilon
Hepliaklqana
Kikubaaqudgha
Makhleb
Qazlal
Ru
Sif Muna
Trog
Uskayaw
Vehumet
Wu Jian
Xom
Yredelemnul
Zin
The Shining One
Jiyva
Lugonu

Shops:
D :(:=[=?[!!?!(:?

Annotations:
D exclusions: ice statue and oklob plant


Innate Abilities, Weirdness & Mutations

You are too large for most types of armour.
You have claws for hands.
Your natural rate of healing is unusually fast.
You are covered in fur. (AC +1)
You have tough skin. (AC +1)


Message History

The walls and floor vibrate strangely for a moment.
A yaktaur, a hornet and a polar bear come into view.
Found 81 gold pieces.
The yaktaur shouts!
The hornet buzzes angrily.
You hear an angry growl.
A polar bear comes into view.
The polar bear moves out of view.
You hear an angry growl.
There are monsters nearby!
Okay, then.
You barely miss the polar bear. You scratch the polar bear.
The polar bear is lightly wounded.
The polar bear completely misses you. The polar bear claws you. x2
You scratch the polar bear but do no damage.
The polar bear is lightly wounded.
The polar bear closely misses you. The polar bear barely misses you.
The polar bear claws you.
You mangle the polar bear!!
The polar bear is almost dead.
The polar bear goes berserk!
You mangle the polar bear!!
You kill the polar bear!
Trog accepts your kill.
Your Unarmed Combat skill increases to level 12!
You closely miss the hornet. You claw the hornet.
The hornet is lightly wounded.
The hornet stings you.
You are poisoned.
You suddenly lose the ability to move!
You feel very sick. The hornet stings you!
* * * LOW HITPOINT WARNING * * *
You feel yourself slow down. The hornet stings you.
* * * LOW HITPOINT WARNING * * *
You are lethally poisoned!
You feel as though you will be slow longer.
* * * LOW HITPOINT WARNING * * *
You feel very sick. The hornet stings you!
You die...

##..# .##.#### +.###
)▓)):?[!$)▓▓ #.#....# ...#
##▓(!$$!$?[▓▓ .####..## #..#
c#▓!:!$!:$?▓▓ ###.##..# +..#
y#▓!([!:[??▓▓ ##...#..# #..#
.#▓$!=$($?(▓▓
.†.##'..####..##.#▓)$)?()!$▓▓
##...#....###.^y##▓▓▓▓▓▓▓+▓▓▓▓+▓
###.##......~~~~@~~~~~~~~...X≈≈▓
.####~~.....~#+########+###.ww≈▓
..#~~~~~~~..~#.._._._.#S§§# ≈≈▓
.##~~~~~÷~~.~#._._._..#S§≈≈# ▓
##~~~≈≈≈~§~~~#_._._._.#§~~§≈
~~~~~§≈≈§≈§~§#._._._._#§~~§≈
+++#§§≈≈§≈≈§§#.._._._.#§§~~~ ≈°
##§≈§###§≈#..._._._#§§§~≈ ≈≈≈≈


You could see a hornet and 2 water moccasins.

Vanquished Creatures
  A merfolk siren (D)
  A polar bear (D)
  2 wyverns (D)
  Menkaure (D)
  A water moccasin (D)
  4 necrophages (D)
  A scorpion (D)
  3 worms (D)
  A tentacle (D)
15 creatures vanquished.

Vanquished Creatures (others)
  A water moccasin (D)
  4 tentacles (D)
5 creatures vanquished.

Grand Total: 20 creatures vanquished

Notes
Turn   | Place    | Note
-------+----------+-------------------------------------------
     0 | D        | sircluck the Troll Berserker began the quest for the Orb.
     0 | D        | Reached XP level 1. HP: 22/22 MP: 0/0
     1 | D        | Noticed a wyvern
     1 | D        | Noticed a wyvern
     5 | D        | Noticed a necrophage
     5 | D        | Noticed a necrophage
     5 | D        | Noticed a necrophage
     5 | D        | Noticed a necrophage
     8 | D        | Killed a necrophage
     9 | D        | Reached skill level 5 in Unarmed Combat
     9 | D        | Reached XP level 2. HP: 32/32 MP: 1/1
     9 | D        | Reached XP level 3. HP: 39/39 MP: 2/2
    17 | D        | Killed a necrophage
    18 | D        | Reached skill level 5 in Fighting
    18 | D        | Reached skill level 5 in Dodging
    18 | D        | Reached skill level 6 in Unarmed Combat
    18 | D        | Reached XP level 4. HP: 34/50 MP: 3/3
    21 | D        | Killed a necrophage
    21 | D        | Reached ** piety under Trog
    22 | D        | Reached skill level 7 in Unarmed Combat
    22 | D        | Reached XP level 5. HP: 43/57 MP: 4/4
    31 | D        | Noticed Menkaure
    36 | D        | Killed Menkaure
    37 | D        | Reached skill level 9 in Unarmed Combat
    37 | D        | Reached XP level 6. HP: 38/68 MP: 5/5
    43 | D        | Noticed a merfolk siren
    49 | D        | Killed a merfolk siren
    49 | D        | Reached *** piety under Trog
    50 | D        | Reached skill level 10 in Unarmed Combat
    50 | D        | Reached XP level 7. HP: 38/78 MP: 6/6
   107 | D        | Reached **** piety under Trog
   116 | D        | Killed a wyvern
   117 | D        | Reached skill level 11 in Unarmed Combat
   121 | D        | Killed a wyvern
   159 | D        | Found Ykuw's Antique Weapon Shoppe.
   159 | D        | Found Fuxatoa's Book Shoppe.
   159 | D        | Found Odghor's Distillery.
   159 | D        | Found Zecelo Ciru's Distillery.
   159 | D        | Found Vovott's Magic Scroll Shoppe.
   160 | D        | Found Ilomiocs's Distillery.
   160 | D        | Found Tewoawat's Antique Armour Emporium.
   161 | D        | Found Gaemuupp's Magic Scroll Shoppe.
   161 | D        | Found Puorofepn's Jewellery Emporium.
   161 | D        | Noticed an iron elemental
   162 | D        | Found Vefen's Magic Scroll Emporium.
   163 | D        | Found Plog's Antique Armour Shoppe.
   163 | D        | Found Efustro's Jewellery Emporium.
   163 | D        | Noticed an oklob plant
   173 | D        | Reached XP level 8. HP: 75/88 MP: 7/7
   196 | D        | Noticed an ice statue
   212 | D        | Reached ***** piety under Trog
   224 | D        | Found Qintyfed's Weapon Shoppe.
   224 | D        | Found Zyeful's Book Emporium.
   224 | D        | Found Ysteutem's Book Shoppe.
   225 | D        | Bought a scroll of blinking for 97 gold pieces
   225 | D        | Bought a scroll of blinking for 97 gold pieces
   225 | D        | Bought a scroll of blinking for 97 gold pieces
   228 | D        | Noticed a hell hog
   229 | D        | Noticed a hell hog
   232 | D        | Bought a scroll of acquirement for 624 gold pieces
   233 | D        | Noticed a shining eye
   235 | D        | Noticed a shining eye
   236 | D        | Noticed a shining eye
   282 | D        | Found a hazy altar of Hepliaklqana.
   282 | D        | Found a snail-covered altar of Cheibriados.
   283 | D        | Found a stormy altar of Qazlal.
   283 | D        | Found a viscous altar of Jiyva.
   283 | D        | Found a shadowy altar of Dithmenos.
   284 | D        | Found a sacrificial altar of Ru.
   284 | D        | Found an ancient bone altar of Kikubaaqudgha.
   284 | D        | Found a white marble altar of Elyvilon.
   285 | D        | Found an ornate altar of the Wu Jian Council.
   285 | D        | Found a shimmering blue altar of Sif Muna.
   285 | D        | Found a corrupted altar of Lugonu.
   286 | D        | Found a shimmering altar of Xom.
   286 | D        | Found a bloodstained altar of Trog.
   286 | D        | Found a burning altar of Makhleb.
   287 | D        | Found a glowing golden altar of the Shining One.
   287 | D        | Found a basalt altar of Yredelemnul.
   287 | D        | Found a hide-covered altar of Uskayaw.
   288 | D        | Found a glowing silver altar of Zin.
   288 | D        | Found a radiant altar of Vehumet.
   296 | D        | Noticed a kraken
   325 | D        | Noticed a yaktaur
   325 | D        | Noticed a hornet
   325 | D        | Noticed a polar bear
   325 | D        | Noticed a polar bear
   331 | D        | Killed a polar bear
   332 | D        | Reached skill level 12 in Unarmed Combat
   332 | D        | Paralysed by a hornet for 3 turns
   334 | D        | HP: 4/89 [poisoned by a hornet]
   334 | D        | Mangled by a hornet

Illustrated notes

Levels and vault maps discovered:
D:        the_violet_keep_of_menkaure [sprint2_stairs_cluster_1,
          sprint2_shoproom, sprint2_temple, sprint2_basic_supplies,
          sprint2_obstacle_2, sprint2_obstacle_3, sprint2_obstacle_5,
          sprint2_obstacle_7, sprint2_obstacle_6, sprint2_timed_cluster_1,
          sprint2_smallroom_cluster_1, sprint2_smallroom_final_cluster_1,
          sprint2_transparent_cluster_1, sprint2_second_timed_cluster_1,
          sprint2_sniper_area_1, sprint2_heavy_combat_area_1,
          sprint2_mutation_trap_area_1, sprint2_forest_area_1,
          sprint2_light_combat_area_1, sprint2_behind_water_1,
          sprint2_near_end_vault_1]

Skill      XL: |  1  2  3  4  5  6  7  8 |
---------------+-------------------------+-----
Fighting       | 4 5 6 7 8 |  8.6
Dodging        | 4 5 6 8 9 |  9.2
Unarmed Combat | 5 6 7 9 10 11 12 | 12.2
Stealth        | |  0.1

Action                     |  1- 3 |  4- 6 |  7- 9 || total
---------------------------+-------+-------+-------++-------
  Melee: Unarmed           |    11 |    14 |    38 ||    63
         Punch             |       |     1 |     2 ||     3
 Invoke: Berserk           |       |     1 |       ||     1
         Brothers in Arms  |       |       |     2 ||     2
 Armour: Animal skin       |       |       |     6 ||     6
  Dodge: Dodged            |     3 |     3 |    16 ||    22

Table legend: (Time is in decaauts)
 A = Elapsed time spent in this place.
 B = Non-inter-level travel time spent in this place.
 C = Inter-level travel time spent in this place.
 D = Time resting spent in this place.
 E = Time spent auto-exploring this place.
 F = Levels seen in this place.
 G = Mean time per level.
                   A        B        C        D        E       F      G
               +--------+--------+--------+--------+--------+-----+--------+
         Total |    334 |    309 |     25 |     63 |     59 |   1 |  334.0 |
       Dungeon |    334 |    309 |     25 |     63 |     59 |   1 |  334.0 |
               +--------+--------+--------+--------+--------+-----+--------+

Top non-repeatable levels by time:
       D: 334 daAuts
